 Dungeon Sprint DCSS version 0.28-a0-1616-g050a50673c (webtiles) character file.

Game seed: 14672295379578437287

1032 mhtbhm the Grappler (level 8, -8/79 HPs)
             Began as a Ghoul Berserker on Jan 22, 2022.
             Was a High Priest of Trog.
             Hit by a large rock thrown by a cyclops (30 damage)
             ... in the Dungeon (Sprint IX: "|||||||||||||||||||||||||||||").
             The game lasted 00:01:03 (566 turns).

mhtbhm the Grappler (Ghoul Berserker)                Turns: 566, Time: 00:01:03

Health: -8/79      AC:  4    Str: 22    XL:     8   Next: 23%
Magic:  7/7        EV: 13    Int:  3    God:    Trog [*****.]
Gold:   0          SH:  0    Dex:  8    Spells: 7/7 levels left

rFire   . . .      SeeInvis .     - Unarmed
rCold   + . .      Faith    .   (no shield)
rNeg    + + +      Spirit   .   a - +0 animal skin
rPois   ∞          Reflect  .   h - +0 helmet
rElec   .          Harm     .   (no cloak)
rCorr   .          Rampage  .   (no gloves)
Will    ++...      NoTele   +   i - +0 pair of boots
Stlth   +.........              (no amulet)
HPRegen 1.00/turn               (no ring)
MPRegen 0.10/turn               (no ring)

@: strong-willed, regenerating
A: claws 1, cold resistance 1, negative energy resistance 3, inhibited
regeneration, torment resistance 2
a: Renounce Religion, Trog's Hand, Brothers in Arms


You were in the Dungeon.
You worshipped Trog.
Trog was extremely pleased with you.
You visited 1 branch

Inventory:

Missiles
 l - 6 poisoned darts (quivered)
Armour
 a - a +0 animal skin (worn)
 h - a +0 helmet (worn)
 i - a +0 pair of boots (worn)
Jewellery
 j - a +2 ring of protection
 k - a +3 ring of strength
Wands
 g - a wand of iceblast (10)
Scrolls
 f - 2 scrolls of blinking
Potions
 b - 5 potions of curing
 c - a potion of invisibility
 d - a potion of heal wounds
 e - 4 potions of magic


   Skills:
 + Level 10.1 Fighting
 + Level 4.4 Armour
 + Level 7.1 Dodging
 + Level 0.3 Stealth
 + Level 14.0 Unarmed Combat


You had 7 spell levels left.
You didn't know any spells.
Your spell library was empty.

Dungeon Overview and Level Annotations

Branches:
Dungeon (1/1)

Altars:
Cheibriados
Dithmenos
Elyvilon
Fedhas
Gozag
Hepliaklqana
Kikubaaqudgha
Makhleb
Nemelex Xobeh
Okawaru
Qazlal
Ru
Sif Muna
Trog
Uskayaw
Vehumet
Wu Jian
Xom
Yredelemnul
Zin
The Shining One
Beogh
Jiyva
Lugonu


Innate Abilities, Weirdness & Mutations

You thrive by killing the living.
You are immune to poison.
You have sharp fingernails.
Your flesh is cold resistant. (rC+)
You are immune to negative energy. (rN+++)
You do not regenerate when monsters are visible.
You are immune to unholy pain and torment.


Message History

The centaur shoots an arrow.
You claw something! Your claw misses something. Something hits you.
The centaur shoots an arrow.
The arrow closely misses you.
You miss something. You claw something. Something hits you!
Something hits you but does no damage.
The centaur shoots an arrow.
The arrow hits you!
* * * LOW HITPOINT WARNING * * *
You mangle something!! Something hits you but does no damage.
The centaur shoots an arrow.
Reactivating autopickup.
You feel a bit more experienced.
Your Fighting skill increases to level 10!
Your Dodging skill increases to level 7!
Your Unarmed Combat skill increases to level 14!
Unknown command.
You feel much better.
The centaur shoots an arrow.
The arrow hits you!
The centaur shoots an arrow.
The arrow hits you!
The centaur shoots an arrow.
The arrow hits you.
There is an open door here.
The centaur unwields a +0 shortbow.
The centaur hits you.
* * * LOW HITPOINT WARNING * * *
The centaur closely misses you.
You claw the centaur!
The centaur is heavily wounded.
The centaur misses you.
The centaur kicks you but does no damage.
You scratch the centaur but do no damage.
The centaur is heavily wounded.
The centaur hits you.
* * * LOW HITPOINT WARNING * * *
The centaur closely misses you.
Unknown command.
You mangle the centaur!!
You kill the centaur!
Trog accepts your kill. Trog grants you a weapon!
Something appears at your feet!
You see here a +2 triple sword of flaming.
The cyclops throws a large rock.
The large rock hits you!!
You die... ▓▓▓▓▓▓▓▓▓▓▓▓▓▓▓▓▓▓▓▓▓▓▓ ?)...[..)).....'@)CTu.+ ▓▓▓▓▓▓▓▓▓▓▓▓▓▓▓▓▓▓▓▓▓▓▓

You could see a white ugly thing, a cyclops and a troll.

Vanquished Creatures
  A shadow (D)
  A yak (D)
  A vampire mosquito (D)
  An acid dragon (D)
  A black bear (D)
  An ogre (D)
  A centaur (D)
  A kobold brigand (D)
  A wight (D)
  An orc wizard (D)
  An adder (D)
  2 dart slugs (D)
  2 goblins (D)
  A quokka (D)
  2 bats (D)
18 creatures vanquished.

Vanquished Creatures (others)
  An unseen horror (D)
1 creature vanquished.

Grand Total: 19 creatures vanquished

Notes
Turn   | Place    | Note
-------+----------+-------------------------------------------
     0 | D        | mhtbhm the Ghoul Berserker began the quest for the Orb.
     0 | D        | Reached XP level 1. HP: 19/19 MP: 0/0
     8 | D        | Reached ** piety under Trog
    12 | D        | Reached skill level 4 in Unarmed Combat
    19 | D        | Reached XP level 2. HP: 23/27 MP: 1/1
    62 | D        | Noticed a black bear
    62 | D        | Noticed an ogre
    71 | D        | Killed a black bear
    72 | D        | Reached skill level 7 in Unarmed Combat
    72 | D        | Reached XP level 3. HP: 34/37 MP: 2/2
    72 | D        | Reached XP level 4. HP: 40/44 MP: 3/3
    75 | D        | Reached *** piety under Trog
    80 | D        | Killed an ogre
    81 | D        | Reached skill level 8 in Unarmed Combat
    81 | D        | Reached XP level 5. HP: 22/52 MP: 4/4
    86 | D        | Reached skill level 9 in Unarmed Combat
   313 | D        | Found a snail-covered altar of Cheibriados.
   313 | D        | Found a shadowy altar of Dithmenos.
   313 | D        | Found a blossoming altar of Fedhas.
   313 | D        | Found an opulent altar of Gozag.
   314 | D        | Found a hazy altar of Hepliaklqana.
   315 | D        | Found a viscous altar of Jiyva.
   316 | D        | Found an ancient bone altar of Kikubaaqudgha.
   317 | D        | Found a corrupted altar of Lugonu.
   318 | D        | Found a burning altar of Makhleb.
   319 | D        | Found a sparkling altar of Nemelex Xobeh.
   320 | D        | Found an iron altar of Okawaru.
   321 | D        | Found a stormy altar of Qazlal.
   322 | D        | Found a sacrificial altar of Ru.
   323 | D        | Found a shimmering blue altar of Sif Muna.
   324 | D        | Found a bloodstained altar of Trog.
   325 | D        | Found a hide-covered altar of Uskayaw.
   326 | D        | Found a radiant altar of Vehumet.
   327 | D        | Found an ornate altar of the Wu Jian Council.
   328 | D        | Found a shimmering altar of Xom.
   329 | D        | Found a basalt altar of Yredelemnul.
   369 | D        | Noticed a shadow
   369 | D        | Noticed an acid dragon
   369 | D        | Noticed a yak
   369 | D        | Noticed a kobold brigand
   376 | D        | Reached **** piety under Trog
   377 | D        | Reached XP level 6. HP: 40/61 MP: 5/5
   379 | D        | Killed a shadow
   380 | D        | Reached skill level 5 in Dodging
   380 | D        | Reached skill level 11 in Unarmed Combat
   387 | D        | Killed an acid dragon
   388 | D        | Reached XP level 7. HP: 54/70 MP: 6/6
   391 | D        | Killed a yak
   392 | D        | Reached skill level 12 in Unarmed Combat
   402 | D        | Reached ***** piety under Trog
   550 | D        | Noticed a vampire mosquito
   550 | D        | Noticed a cyclops
   550 | D        | Noticed a troll
   550 | D        | Noticed a white ugly thing
   556 | D        | Killed a vampire mosquito
   557 | D        | Reached skill level 13 in Unarmed Combat
   557 | D        | Reached XP level 8. HP: 42/79 MP: 7/7
   560 | D        | Killed an unseen horror
   561 | D        | Reached skill level 10 in Fighting
   561 | D        | Reached skill level 14 in Unarmed Combat
   566 | D        | Received a gift from Trog
   566 | D        | Hit by a large rock thrown by a cyclops

Illustrated notes

Levels and vault maps discovered:
D:        linesprint [early_d, line_temple, items_1, d_10, items_2, lair_1,
          lair_end, items_3, orc_1, orc_end, items_4, d_15, swamp_1, shoals_1,
          snake_1, spider_1, d_20, vaults_1, items_5, swamp_end, shoals_end,
          snake_end, spider_end, vaults_end, d_27, items_6, zot_1, zot_end,
          crypt_end, forest_end, elf_end, slime_end, tomb_end, abyss_end,
          pan_hell_end]

Skill      XL: |  1  2  3  4  5  6  7  8 |
---------------+-------------------------+-----
Armour         | 2 3 4 |  4.4
Dodging        | 2 3 4 5 6 7 |  7.1
Fighting       | 4 6 7 9 10 | 10.1
Unarmed Combat | 4 7 8 9 11 13 14 | 14.0
Stealth        | |  0.3

Action                   |  1- 3 |  4- 6 |  7- 9 || total
-------------------------+-------+-------+-------++-------
Melee: Unarmed           |    18 |    32 |    25 ||    75
       Punch             |       |     2 |     1 ||     3
Invok: Trog's Hand       |       |     1 |     1 ||     2
  Use: Potion            |     1 |     1 |     1 ||     3
Armor: Animal skin       |     6 |     5 |     9 ||    20
Dodge: Dodged            |    15 |    15 |     8 ||    38

Table legend: (Time is in decaauts)
 A = Elapsed time spent in this place.
 B = Non-inter-level travel time spent in this place.
 C = Inter-level travel time spent in this place.
 D = Time resting spent in this place.
 E = Time spent auto-exploring this place.
 F = Levels seen in this place.
 G = Mean time per level.
                   A        B        C        D        E       F      G
               +--------+--------+--------+--------+--------+-----+--------+
         Total |    534 |    534 |      0 |    388 |      0 |   1 |  534.0 |
       Dungeon |    534 |    534 |      0 |    388 |      0 |   1 |  534.0 |
               +--------+--------+--------+--------+--------+-----+--------+

Top non-repeatable levels by time:
       D: 534 daAuts
